Sharks vs Devils

Created - March 28, 2020 at 19:09

Goals
1 2 3 T
Sharks 0 3 0 3
Devils 0 2 3 5
Shots
1 2 3 T
Sharks 6 19 14 39
Devils 10 10 10 30

1st period

No Goal

Penalties :
Milan Michalek (SJS) for Tripping (Minor) at 1:47, Brandon Burlon (NJD) for Hooking (Minor) at 12:39, Milan Michalek (SJS) for Tripping (Minor) at 16:13, Bobby Butler (SJS) for Holding (Minor) at 19:22

2nd period

1. Devils , Travis Hamonic 7 (Johnny Gaudreau 41) at 0:10 (PP)
2. Sharks , Oskar Osala 11 (Stefan Ruzicka 19, Milan Michalek 30) at 1:03 (PP)
3. Devils , Viktor Arvidsson 22 (Johnny Gaudreau 42, Brent Seabrook 24) at 3:07
4. Sharks , Stefan Ruzicka 14 (Tyler Cuma 16, Ryan Miller) at 9:19 (PP)
5. Sharks , Luke Adam 10 (Zach Boychuk 16, Andrej Sekera 13) at 13:54

Penalties :
Tyler Seguin (NJD) for Holding (Minor) at 0:19, Stefan Ruzicka (SJS) for Cross-checking (Minor) at 3:14, Riley Sheahan (NJD) for Hooking (Minor) at 9:08, Brandon Dubinsky (SJS) for Tripping (Minor) at 17:53

3rd period

6. Devils , Rostislav Olesz 11 (Anthony Stewart 8, Brady Skjei 20) at 5:07
7. Devils , Johnny Gaudreau 43 (Brady Skjei 21) at 15:49 (PP)
8. Devils , Brenden Morrow 6 (Riley Sheahan 21, Brent Seabrook 25) at 19:16 (Empty Net)

Penalties :
Drew Doughty (SJS) for Hooking (Minor) at 0:22, Andrej Sekera (SJS) for Tripping (Minor) at 5:45, Brady Skjei (NJD) for Slashing (Minor) at 5:50, Marian Hossa (NJD) for Roughing (Minor) at 10:55, Stefan Ruzicka (SJS) for High sticking (Minor) at 14:24

Goalie Stats

Ryan Miller (SJS), 25 saves from 29 shots - (0.862), L, 25-23-6, 59:37 minutes
Keith Kinkaid (NJD), 36 saves from 39 shots - (0.923), W, 11-10-0, 60:00 minutes

Players Stats for Sharks

Player Name              G  A  P  +/- PIM S  H  SB GA TA FO     MP     PP MP  PK MP  
------------------------------------------------------------------------------------
Adam Larsson             0  0  0   1  0   0  1  1  0  1  0/0    19:24   1:27   3:56 
Andrej Sekera            0  1  1   1  2   0  1  1  1  0  0/0    17:32   0:02   4:01 
Bobby Butler             0  0  0  -1  2   1  0  0  0  0  0/0    12:59   1:44   0:00 
Brandon Dubinsky         0  0  0  -2  2   3  3  0  0  0  7/14   18:48   1:44   3:34 
David Rundblad           0  0  0  -1  0   1  1  0  0  0  0/0    11:38   1:06   0:00 
Dennis Wideman           0  0  0  -1  0   3  2  2  0  0  0/0    19:48   0:02   8:17 
Drew Doughty             0  0  0  -2  2   4  3  0  2  1  0/0    29:33   3:31   7:06 
Jason Spezza             0  0  0   0  0   0  0  0  0  0  3/5     5:27   0:59   1:03 
Jiri Tlusty              0  0  0   1  0   0  0  0  0  0  0/0     6:53   0:00   0:00 
Luke Adam                1  0  1   1  0   3  0  0  0  0  0/1     6:53   0:00   0:00 
Martins Karsums          0  0  0   0  0   1  2  0  0  0  1/1     7:58   0:08   0:00 
Mike Cammalleri          0  0  0  -2  0   2  0  0  0  0  0/0    20:23   1:44   5:49 
Milan Michalek           0  1  1  -1  4   5  3  0  0  0  2/3    22:42   3:06   4:41 
Oskar Osala              1  0  1   0  0   4  2  0  0  0  8/19   17:40   1:50   1:10 
Stefan Ruzicka           1  1  2  -2  4   4  0  0  0  1  1/1    17:23   3:04   0:00 
T.J. Hensick             0  0  0  -1  0   1  0  0  1  0  4/7    12:40   0:33   1:46 
Tyler Cuma               0  1  1  -2  0   0  1  1  0  0  0/0    22:08   3:50   1:06 
Zach Boychuk             0  1  1   1  0   7  2  0  0  0  6/13   15:56   0:00   6:23 

Players Stats for Devils

Player Name              G  A  P  +/- PIM S  H  SB GA TA FO     MP     PP MP  PK MP  
------------------------------------------------------------------------------------
Anthony Stewart          0  1  1   1  0   1  0  0  0  1  0/0     6:42   0:08   0:00 
Brady Skjei              0  2  2   1  2   3  3  1  0  0  0/0    22:05   7:37   0:23 
Brandon Burlon           0  0  0  -1  2   2  4  0  0  0  0/0    15:00   4:35   1:59 
Brenden Morrow           1  0  1   1  0   1  0  0  0  0  0/1     5:18   0:18   2:56 
Brent Seabrook           0  2  2   2  0   0  0  3  0  0  0/0    27:11   4:35   3:14 
Johnny Gaudreau          1  2  3   1  0   5  2  0  0  0  0/3    23:23   7:39   0:32 
Jordan Caron             0  0  0  -1  0   2  2  0  1  0  0/0    13:06   4:17   0:00 
Kellan Lain              0  0  0  -1  0   1  2  0  0  0  0/2    14:54   4:17   1:09 
Kevin Porter             0  0  0   0  0   1  0  0  0  0  4/7    12:57   0:00   1:44 
Ladislav Smid            0  0  0  -1  0   1  0  0  0  0  0/0    10:52   0:00   2:04 
Marian Hossa             0  0  0   0  2   1  1  0  1  1  1/1    10:36   0:00   0:00 
Riley Sheahan            0  1  1   1  2   0  0  1  0  0  8/15   19:33   4:17   2:55 
Rostislav Olesz          1  0  1   1  0   3  1  0  0  0  0/1    14:27   0:17   0:00 
Tobias Enstrom           0  0  0   1  0   2  1  0  0  0  0/0    17:13   0:00   2:01 
Travis Hamonic           1  0  1   2  0   3  2  3  1  2  0/0    27:46   7:38   0:15 
Tyler Bozak              0  0  0   1  0   0  1  0  0  0  1/1     6:22   0:00   0:00 
Tyler Seguin             0  0  0   1  2   1  4  0  0  0  17/32  23:37   7:39   0:40 
Viktor Arvidsson         1  0  1   1  0   3  0  0  0  0  1/1    22:01   7:47   0:00 

3 Stars

1 - Johnny Gaudreau (NJD)
2 - Travis Hamonic (NJD)
3 - Brent Seabrook (NJD)

Power Play

Sharks - 2 on 5 Attempt(s) - 40.00%
Devils - 2 on 8 Attempt(s) - 25.00%

Penalty Kill

Sharks - 6 on 8 Attempt(s) - 75.00% - Score 0 goal in Penalty Kill
Devils - 3 on 5 Attempt(s) - 60.00% - Score 0 goal in Penalty Kill

Team Stat

Sharks - Hits : 21 - Faceoff Wins : 32 - Blocked Shots : 5 - Penalty Minutes : 16
Devils - Hits : 23 - Faceoff Wins : 32 - Blocked Shots : 8 - Penalty Minutes : 10

Official

Referees : Unknown
Linesman : Unknown

Game Notes

Jason Spezza is injured at 16:15 of 1st period (Right Ankle)
Brenden Morrow has scored in a empty net!

Finance

Level 1 -- Attendance: 4822 (80.37%) -- Ticket Income $530,420
Level 2 -- Attendance: 3648 (72.96%) -- Ticket Income $255,360
Level 3 -- Attendance: 1382 (69.10%) -- Ticket Income $63,572
Level 4 -- Attendance: 3045 (76.13%) -- Ticket Income $91,350
Luxury Box -- Attendance: 931 (93.10%) -- Ticket Income $167,580
Game was played at the The prudential Center.
Total Attendance: 13828 (76.82%)
Total Ticket Income: $1,108,282
Other Income: $166,242
Total Income: $1,274,524

Sharks

5 vs 5 Forward 
   Center                   Left Wing                Right Wing               Time % Phy DF OF 
 1 Jason Spezza             Milan Michalek           Stefan Ruzicka           40     1   2  2  
 2 Brandon Dubinsky         Mike Cammalleri          Bobby Butler             30     1   2  2  
 3 T.J. Hensick             Oskar Osala              Martins Karsums          20     1   2  2  
 4 Luke Adam                Zach Boychuk             Jiri Tlusty              10     1   2  2  

5 vs 5 Defense 
   Defense                  Defense                                           Time % Phy DF OF 
 1 Drew Doughty             Tyler Cuma                                        40     1   2  2  
 2 Andrej Sekera            Adam Larsson                                      30     1   2  2  
 3 David Rundblad           Dennis Wideman                                    20     1   2  2  
 4 Drew Doughty             Tyler Cuma                                        10     1   2  2  

PowerPlay Forward 
   Center                   Left Wing                Right Wing               Time % Phy DF OF 
 1 Jason Spezza             Milan Michalek           Stefan Ruzicka           60     1   1  3  
 2 Brandon Dubinsky         Mike Cammalleri          Bobby Butler             40     1   1  3  

PowerPlay Defense
   Defense                  Defense                                           Time % Phy DF OF 
 1 Drew Doughty             Tyler Cuma                                        60     1   1  3  
 2 Tyler Cuma               Adam Larsson                                      40     1   1  3  

Penalty Kill 4 Players Forward 
   Center                   Wing                     Time % Phy DF OF 
 1 Jason Spezza             Milan Michalek           60     1   4  0  
 2 Mike Cammalleri          Brandon Dubinsky         40     1   4  0  

Penalty Kill 4 Players Defense
   Defense                  Defense                  Time % Phy DF OF 
 1 Drew Doughty             Dennis Wideman           60     1   4  0  
 2 Andrej Sekera            Adam Larsson             40     1   4  0  

Penalty Kill - 3 Players Forward 
   Forward                                           Time % Phy DF OF 
 1 Jason Spezza                                      60     1   4  0  
 2 Milan Michalek                                    40     1   4  0  

Penalty Kill - 3 Players Defense
   Defense                  Defense                  Time % Phy DF OF 
 1 Drew Doughty             Dennis Wideman           60     1   4  0  
 2 Andrej Sekera            Adam Larsson             40     1   4  0  

4 vs 4 Forward 
   Center                   Wing                     Time % Phy DF OF 
 1 Jason Spezza             Milan Michalek           60     1   1  3  
 2 Mike Cammalleri          Brandon Dubinsky         40     1   1  3  

4 vs 4 Defense
   Defense                  Defense                  Time % Phy DF OF 
 1 Drew Doughty             Dennis Wideman           60     1   1  3  
 2 Andrej Sekera            Adam Larsson             40     1   1  3  

Last Minutes Offensive
   Center                   Left Wing                Right Wing               Defense                  Defense                  
   Jason Spezza             Milan Michalek           Stefan Ruzicka           Drew Doughty             Tyler Cuma               

Last Minutes Defensive
   Center                   Left Wing                Right Wing               Defense                  Defense                  
   Jason Spezza             Milan Michalek           Stefan Ruzicka           Drew Doughty             Dennis Wideman           

Goaltenders
Starting : Ryan Miller              
Backup : Anders Nilsson           

Extra Forwards
Normal : Oskar Osala, T.J. Hensick, Zach Boychuk - PP : Oskar Osala, T.J. Hensick - PK : Zach Boychuk
Extra Defensemen
Normal : David Rundblad, Tyler Cuma, Andrej Sekera - PP : David Rundblad - PK : Tyler Cuma, Andrej Sekera
Penalty Shots
Jason Spezza, Milan Michalek, Mike Cammalleri, Brandon Dubinsky, Oskar Osala

Scratches
Paul Ranger (Healthy), Nikolai Kulemin (Healthy)

Devils

5 vs 5 Forward 
   Center                   Left Wing                Right Wing               Time % Phy DF OF 
 1 Tyler Seguin             Johnny Gaudreau          Viktor Arvidsson         40     0   2  3  
 2 Riley Sheahan            Rostislav Olesz          Marian Hossa             30     1   2  2  
 3 Kevin Porter             Kellan Lain              Jordan Caron             20     1   2  2  
 4 Tyler Bozak              Rostislav Olesz          Anthony Stewart          10     1   2  2  

5 vs 5 Defense 
   Defense                  Defense                                           Time % Phy DF OF 
 1 Travis Hamonic           Brent Seabrook                                    40     1   2  2  
 2 Brady Skjei              Tobias Enstrom                                    30     1   2  2  
 3 Ladislav Smid            Brandon Burlon                                    20     1   2  2  
 4 Travis Hamonic           Tobias Enstrom                                    10     1   2  2  

PowerPlay Forward 
   Center                   Left Wing                Right Wing               Time % Phy DF OF 
 1 Tyler Seguin             Johnny Gaudreau          Viktor Arvidsson         60     1   2  2  
 2 Riley Sheahan            Kellan Lain              Jordan Caron             40     1   2  2  

PowerPlay Defense
   Defense                  Defense                                           Time % Phy DF OF 
 1 Travis Hamonic           Brady Skjei                                       60     1   2  2  
 2 Brandon Burlon           Brent Seabrook                                    40     1   2  2  

Penalty Kill 4 Players Forward 
   Center                   Wing                     Time % Phy DF OF 
 1 Riley Sheahan            Brenden Morrow           60     1   2  2  
 2 Kevin Porter             Kellan Lain              40     1   2  2  

Penalty Kill 4 Players Defense
   Defense                  Defense                  Time % Phy DF OF 
 1 Brent Seabrook           Brandon Burlon           60     1   2  2  
 2 Tobias Enstrom           Ladislav Smid            40     1   2  2  

Penalty Kill - 3 Players Forward 
   Forward                                           Time % Phy DF OF 
 1 Brenden Morrow                                    60     1   2  2  
 2 Kevin Porter                                      40     1   2  2  

Penalty Kill - 3 Players Defense
   Defense                  Defense                  Time % Phy DF OF 
 1 Travis Hamonic           Brent Seabrook           60     1   2  2  
 2 Tobias Enstrom           Ladislav Smid            40     1   2  2  

4 vs 4 Forward 
   Center                   Wing                     Time % Phy DF OF 
 1 Tyler Seguin             Brenden Morrow           60     1   2  2  
 2 Riley Sheahan            Viktor Arvidsson         40     1   2  2  

4 vs 4 Defense
   Defense                  Defense                  Time % Phy DF OF 
 1 Travis Hamonic           Brent Seabrook           60     1   2  2  
 2 Tobias Enstrom           Brady Skjei              40     1   2  2  

Last Minutes Offensive
   Center                   Left Wing                Right Wing               Defense                  Defense                  
   Tyler Seguin             Johnny Gaudreau          Viktor Arvidsson         Travis Hamonic           Brent Seabrook           

Last Minutes Defensive
   Center                   Left Wing                Right Wing               Defense                  Defense                  
   Riley Sheahan            Brenden Morrow           Marian Hossa             Travis Hamonic           Brent Seabrook           

Goaltenders
Starting : Keith Kinkaid            
Backup : Antti Niemi              

Extra Forwards
Normal : Riley Sheahan, Rostislav Olesz, Kevin Porter - PP : Brenden Morrow, Rostislav Olesz - PK : Kevin Porter
Extra Defensemen
Normal : Brady Skjei, Ladislav Smid, Brandon Burlon - PP : Brady Skjei - PK : Ladislav Smid, Tobias Enstrom
Penalty Shots
Tyler Seguin, Viktor Arvidsson, Johnny Gaudreau, Riley Sheahan, Marian Hossa

Scratches
Radko Gudas (Back Injury)

% Time on Ice - Sharks

Lines # - Real PCT - Wanted PCT - Time Play
Normal Forward
1 - 37% - 40% - 15:08
2 - 28% - 30% - 11:16
3 - 18% - 20% - 7:07
4 - 17% - 10% - 6:53
Normal Defense
1 - 42% - 40% - 17:07
2 - 32% - 30% - 13:06
3 - 21% - 20% - 8:40
4 - 4% - 10% - 1:31
PP Forward
1 - 65% - 60% - 3:14
2 - 35% - 40% - 1:44
PP Defense
1 - 71% - 60% - 3:31
2 - 29% - 40% - 1:27
PK Forward
1 - 82% - 60% - 10:02
2 - 18% - 40% - 2:11
PK Defense
1 - 72% - 60% - 8:48
2 - 28% - 40% - 3:25
PK3 Forward
1 - 0% - 60%
2 - 0% - 40%
PK3 Defense
1 - 0% - 60%
2 - 0% - 40%
44 Forward
1 - 100% - 60% - 1:54
2 - 0% - 40% - 0:00
44 Defense
1 - 64% - 60% - 1:13
2 - 36% - 40% - 0:41
Last Minute Offensive  - 0:31
Last Minute Defensive  - 0:00
Total
Forward - 60:00
Defense - 60:00

% Time on Ice - Devils

Lines # - Real PCT - Wanted PCT - Time Play
Normal Forward
1 - 36% - 40% - 14:24
2 - 27% - 30% - 10:52
3 - 22% - 20% - 8:45
4 - 16% - 10% - 6:22
Normal Defense
1 - 43% - 40% - 17:11
2 - 33% - 30% - 13:25
3 - 20% - 20% - 8:05
4 - 4% - 10% - 1:42
PP Forward
1 - 65% - 60% - 7:56
2 - 35% - 40% - 4:17
PP Defense
1 - 62% - 60% - 7:38
2 - 38% - 40% - 4:35
PK Forward
1 - 77% - 60% - 3:49
2 - 23% - 40% - 1:09
PK Defense
1 - 73% - 60% - 3:37
2 - 27% - 40% - 1:21
PK3 Forward
1 - 0% - 60%
2 - 0% - 40%
PK3 Defense
1 - 0% - 60%
2 - 0% - 40%
44 Forward
1 - 100% - 60% - 1:54
2 - 0% - 40% - 0:00
44 Defense
1 - 62% - 60% - 1:11
2 - 38% - 40% - 0:43
Last Minute Offensive  - 0:00
Last Minute Defensive  - 0:32
Total
Forward - 60:00
Defense - 60:00

Play-by-Play

1st period


0:01 of 1st period - Jason Spezza wins face-off versus Tyler Seguin in neutral zone.
0:33 of 1st period - Snap shot by Brandon Dubinsky.
0:33 of 1st period - Stopped by Keith Kinkaid with a rebound.
0:35 of 1st period - Snap shot by Bobby Butler.
0:35 of 1st period - Shot Misses the Net.
0:52 of 1st period - Wrist shot by Jordan Caron.
0:52 of 1st period - Stopped by Ryan Miller with a rebound.
0:54 of 1st period - Snap shot by Jordan Caron.
0:54 of 1st period - Shot Misses the Net.
1:16 of 1st period - Snap shot by Jiri Tlusty.
1:16 of 1st period - Shot Misses the Net.
1:18 of 1st period - Slapshot by Andrej Sekera.
1:18 of 1st period - Deflect By Zach Boychuk.
1:18 of 1st period - Stopped by Keith Kinkaid with a rebound.
1:30 of 1st period - Snap shot by Mike Cammalleri.
1:30 of 1st period - Shot Misses the Net.
1:32 of 1st period - Wrist shot by Mike Cammalleri.
1:32 of 1st period - Stopped by Keith Kinkaid with a rebound.
1:34 of 1st period - Snap shot by Mike Cammalleri.
1:34 of 1st period - Shot Misses the Net.
1:36 of 1st period - Wrist shot by Dennis Wideman.
1:36 of 1st period - Stopped by Keith Kinkaid without a rebound.
1:37 of 1st period - Tyler Seguin wins face-off versus Jason Spezza in Devils zone.
1:47 of 1st period - Minor Penalty to Milan Michalek for Tripping.
1:48 of 1st period - Tyler Seguin wins face-off versus Jason Spezza in Sharks zone.
2:41 of 1st period - Andrej Sekera is hit by Brandon Burlon and loses puck.
2:56 of 1st period - Adam Larsson is hit by Jordan Caron and loses puck.
3:47 of 1st period - Penalty to Milan Michalek is over, Milan Michalek is back on ice.
3:49 of 1st period - Zach Boychuk is hit by Brandon Burlon and loses puck.
4:02 of 1st period - Dennis Wideman is hit by Tyler Bozak and loses puck.
4:19 of 1st period - Snap shot by Zach Boychuk.
4:19 of 1st period - Stopped by Keith Kinkaid with a rebound.
5:50 of 1st period - Kevin Porter is hit by Milan Michalek and loses puck.
6:20 of 1st period - T.J. Hensick is hit by Marian Hossa and loses puck.
7:00 of 1st period - Kevin Porter is hit by Dennis Wideman and loses puck.
7:47 of 1st period - Travis Hamonic is hit by Oskar Osala and loses puck.
8:20 of 1st period - Kevin Porter is hit by Zach Boychuk and loses puck.
8:33 of 1st period - Ladislav Smid is hit by Martins Karsums and loses puck.
9:04 of 1st period - Adam Larsson is hit by Travis Hamonic and loses puck.
9:21 of 1st period - Tyler Seguin is hit by Adam Larsson and loses puck.
10:31 of 1st period - Oskar Osala is hit by Brandon Burlon and loses puck.
10:42 of 1st period - Kevin Porter is hit by Drew Doughty and loses puck.
11:04 of 1st period - Marian Hossa is hit by Tyler Cuma and loses puck.
11:15 of 1st period - Brandon Dubinsky is hit by Tyler Seguin and loses puck.
11:36 of 1st period - David Rundblad is hit by Brady Skjei and loses puck.
11:55 of 1st period - Viktor Arvidsson is hit by Milan Michalek and loses puck.
12:13 of 1st period - Off-side.
12:14 of 1st period - T.J. Hensick wins face-off versus Kevin Porter in neutral zone.
12:17 of 1st period - Jordan Caron is hit by Oskar Osala and loses puck.
12:39 of 1st period - Minor Penalty to Brandon Burlon for Hooking.
12:40 of 1st period - Jason Spezza wins face-off versus Brenden Morrow in Devils zone.
12:40 of 1st period - Slapshot by Drew Doughty.
12:40 of 1st period - Stopped by Keith Kinkaid with a rebound.
12:54 of 1st period - Slapshot by Brent Seabrook.
12:54 of 1st period - Shot Blocked by Tyler Cuma.
14:38 of 1st period - Icing by Drew Doughty.
14:39 of 1st period - Penalty to Brandon Burlon is over, Brandon Burlon is back on ice.
14:39 of 1st period - Oskar Osala wins face-off versus Johnny Gaudreau in Sharks zone.
15:01 of 1st period - Adam Larsson is hit by Brandon Burlon and loses puck.
15:29 of 1st period - Riley Sheahan is hit by Dennis Wideman and loses puck.
15:36 of 1st period - Slapshot by Bobby Butler.
15:36 of 1st period - Shot Misses the Net.
15:50 of 1st period - Snap shot by Johnny Gaudreau.
15:50 of 1st period - Stopped by Ryan Miller with a rebound.
15:52 of 1st period - Slapshot by Ladislav Smid.
15:52 of 1st period - Stopped by Ryan Miller without a rebound.
15:53 of 1st period - Milan Michalek wins face-off versus Tyler Seguin in Sharks zone.
16:00 of 1st period - Travis Hamonic is hit by David Rundblad and loses puck.
16:07 of 1st period - Wrist shot by Viktor Arvidsson.
16:07 of 1st period - Stopped by Ryan Miller with a rebound.
16:13 of 1st period - Minor Penalty to Milan Michalek for Tripping.
16:14 of 1st period - Jason Spezza wins face-off versus Tyler Seguin in Sharks zone.
16:14 of 1st period - Jason Spezza is hit by Travis Hamonic.
16:15 of 1st period - Jason Spezza from Sharks is injured at 16:15 of 1st period (Right Ankle).
16:16 of 1st period - Tyler Seguin wins face-off versus Zach Boychuk in Sharks zone.
16:49 of 1st period - Wrist shot by Kellan Lain.
16:49 of 1st period - Stopped by Ryan Miller without a rebound.
16:50 of 1st period - Brandon Dubinsky wins face-off versus Riley Sheahan in Sharks zone.
17:01 of 1st period - Backhand shot by Brandon Burlon.
17:01 of 1st period - Stopped by Ryan Miller with a rebound.
17:03 of 1st period - Slapshot by Brandon Burlon.
17:03 of 1st period - Stopped by Ryan Miller without a rebound.
17:04 of 1st period - Tyler Seguin wins face-off versus Zach Boychuk in Sharks zone.
17:11 of 1st period - Snap shot by Johnny Gaudreau.
17:11 of 1st period - Shot Misses the Net.
17:13 of 1st period - Slapshot by Brady Skjei.
17:13 of 1st period - Deflect By Johnny Gaudreau.
17:13 of 1st period - Stopped by Ryan Miller without a rebound.
17:14 of 1st period - Zach Boychuk wins face-off versus Tyler Seguin in Sharks zone.
17:45 of 1st period - Snap shot by Kellan Lain.
17:45 of 1st period - Shot Hit the Post.
17:47 of 1st period - Backhand shot by Riley Sheahan.
17:47 of 1st period - Shot Misses the Net.
17:49 of 1st period - Snap shot by Kellan Lain.
17:49 of 1st period - Deflect By Riley Sheahan.
17:49 of 1st period - Shot Blocked by Andrej Sekera.
17:49 of 1st period - Puck is out of play.
17:50 of 1st period - Riley Sheahan wins face-off versus Zach Boychuk in Sharks zone.
18:13 of 1st period - Penalty to Milan Michalek is over, Milan Michalek is back on ice.
18:21 of 1st period - Slapshot by Viktor Arvidsson.
18:21 of 1st period - Shot Misses the Net.
18:39 of 1st period - Milan Michalek is hit by Brady Skjei and loses puck.
18:52 of 1st period - Wrist shot by Kevin Porter.
18:52 of 1st period - Shot Misses the Net.
18:54 of 1st period - Snap shot by Travis Hamonic.
18:54 of 1st period - Stopped by Ryan Miller without a rebound.
18:55 of 1st period - Kevin Porter wins face-off versus Brandon Dubinsky in Sharks zone.
18:58 of 1st period - Snap shot by Kellan Lain.
18:58 of 1st period - Shot Misses the Net.
19:22 of 1st period - Minor Penalty to Bobby Butler for Holding.
19:23 of 1st period - Zach Boychuk wins face-off versus Tyler Seguin in Sharks zone.
19:32 of 1st period - Slapshot by Tyler Seguin.
19:32 of 1st period - Shot Blocked by Dennis Wideman.
19:34 of 1st period - Slapshot by Brady Skjei.
19:34 of 1st period - Stopped by Ryan Miller without a rebound.
19:35 of 1st period - Tyler Seguin wins face-off versus Zach Boychuk in Sharks zone.
19:46 of 1st period - Snap shot by Tyler Seguin.
19:46 of 1st period - Shot Misses the Net.
19:48 of 1st period - Slapshot by Travis Hamonic.
19:48 of 1st period - Shot Misses the Net.
Goals for this period are 0 for Sharks vs 0 for Devils.
Shots for this period are 6 for Sharks vs 10 for Devils.

2nd period


0:01 of 2nd period - Zach Boychuk wins face-off versus Tyler Seguin in neutral zone.
0:10 of 2nd period - Snap shot by Travis Hamonic.
0:10 of 2nd period - Goal by Travis Hamonic - Sharks : 0 - Devils : 1.
0:11 of 2nd period - Tyler Seguin wins face-off versus Oskar Osala in neutral zone.
0:19 of 2nd period - Minor Penalty to Tyler Seguin for Holding.
0:20 of 2nd period - Oskar Osala wins face-off versus Riley Sheahan in Devils zone.
0:36 of 2nd period - Backhand shot by Stefan Ruzicka.
0:36 of 2nd period - Shot Blocked by Brent Seabrook.
0:53 of 2nd period - Snap shot by Mike Cammalleri.
0:53 of 2nd period - Stopped by Keith Kinkaid without a rebound.
0:54 of 2nd period - Stefan Ruzicka wins face-off versus Kellan Lain in Devils zone.
1:03 of 2nd period - Wrist shot by Oskar Osala.
1:03 of 2nd period - Goal by Oskar Osala - Sharks : 1 - Devils : 1.
1:04 of 2nd period - Oskar Osala wins face-off versus Johnny Gaudreau in neutral zone.
1:10 of 2nd period - Snap shot by Milan Michalek.
1:10 of 2nd period - Deflect By Oskar Osala.
1:10 of 2nd period - Stopped by Keith Kinkaid with a rebound.
1:36 of 2nd period - Snap shot by Brandon Dubinsky.
1:36 of 2nd period - Stopped by Keith Kinkaid with a rebound.
1:57 of 2nd period - Off-side.
1:58 of 2nd period - Tyler Seguin wins face-off versus Oskar Osala in neutral zone.
2:12 of 2nd period - Wrist shot by Tyler Seguin.
2:12 of 2nd period - Stopped by Ryan Miller with a rebound.
2:14 of 2nd period - Slapshot by Tobias Enstrom.
2:14 of 2nd period - Deflect By Stefan Ruzicka.
2:14 of 2nd period - Stopped by Ryan Miller with a rebound.
2:35 of 2nd period - Slapshot by Brady Skjei.
2:35 of 2nd period - Stopped by Ryan Miller with a rebound.
2:37 of 2nd period - Slapshot by Tobias Enstrom.
2:37 of 2nd period - Stopped by Ryan Miller without a rebound.
2:38 of 2nd period - Brandon Dubinsky wins face-off versus Tyler Seguin in Sharks zone.
2:51 of 2nd period - Slapshot by Mike Cammalleri.
2:51 of 2nd period - Deflect By Brandon Dubinsky.
2:51 of 2nd period - Shot Misses the Net.
2:51 of 2nd period - Puck is out of play.
2:52 of 2nd period - Tyler Seguin wins face-off versus Brandon Dubinsky in Devils zone.
3:05 of 2nd period - Snap shot by Viktor Arvidsson.
3:05 of 2nd period - Shot Misses the Net.
3:07 of 2nd period - Backhand shot by Viktor Arvidsson.
3:07 of 2nd period - Deflect By Drew Doughty.
3:07 of 2nd period - Goal by Viktor Arvidsson - Sharks : 1 - Devils : 2.
3:08 of 2nd period - Tyler Seguin wins face-off versus Oskar Osala in neutral zone.
3:14 of 2nd period - Minor Penalty to Stefan Ruzicka for Cross-checking.
3:15 of 2nd period - Milan Michalek wins face-off versus Johnny Gaudreau in Sharks zone.
3:41 of 2nd period - Travis Hamonic is hit by Brandon Dubinsky and loses puck.
4:08 of 2nd period - Milan Michalek is hit by Jordan Caron and loses puck.
5:14 of 2nd period - Penalty to Stefan Ruzicka is over, Stefan Ruzicka is back on ice.
6:29 of 2nd period - Brady Skjei is hit by Martins Karsums and loses puck.
8:18 of 2nd period - Snap shot by T.J. Hensick.
8:18 of 2nd period - Stopped by Keith Kinkaid with a rebound.
8:20 of 2nd period - Slapshot by Jiri Tlusty.
8:20 of 2nd period - Shot Misses the Net.
8:22 of 2nd period - Slapshot by David Rundblad.
8:22 of 2nd period - Deflect By Tobias Enstrom.
8:22 of 2nd period - Stopped by Keith Kinkaid with a rebound.
8:50 of 2nd period - Tyler Seguin is hit by Drew Doughty and loses puck.
9:08 of 2nd period - Minor Penalty to Riley Sheahan for Hooking.
9:09 of 2nd period - Kevin Porter wins face-off versus Milan Michalek in Devils zone.
9:17 of 2nd period - Slapshot by Tyler Cuma.
9:17 of 2nd period - Shot Misses the Net.
9:19 of 2nd period - Wrist shot by Stefan Ruzicka.
9:19 of 2nd period - Goal by Stefan Ruzicka - Sharks : 2 - Devils : 2.
9:20 of 2nd period - Tyler Seguin wins face-off versus Oskar Osala in neutral zone.
9:33 of 2nd period - Snap shot by Stefan Ruzicka.
9:33 of 2nd period - Shot Blocked by Travis Hamonic.
9:35 of 2nd period - Snap shot by Stefan Ruzicka.
9:35 of 2nd period - Shot Misses the Net.
9:56 of 2nd period - Snap shot by Zach Boychuk.
9:56 of 2nd period - Stopped by Keith Kinkaid with a rebound.
9:58 of 2nd period - Slapshot by Luke Adam.
9:58 of 2nd period - Shot Misses the Net.
10:11 of 2nd period - Off-side.
10:12 of 2nd period - Riley Sheahan wins face-off versus Brandon Dubinsky in neutral zone.
10:16 of 2nd period - Off-side.
10:17 of 2nd period - Riley Sheahan wins face-off versus Oskar Osala in neutral zone.
10:30 of 2nd period - Snap shot by Rostislav Olesz.
10:30 of 2nd period - Stopped by Ryan Miller without a rebound.
10:31 of 2nd period - Brandon Dubinsky wins face-off versus Tyler Seguin in Sharks zone.
10:39 of 2nd period - Off-side.
10:40 of 2nd period - Brandon Dubinsky wins face-off versus Tyler Seguin in neutral zone.
10:45 of 2nd period - Tyler Seguin is hit by Brandon Dubinsky.
11:29 of 2nd period - Slapshot by Tyler Cuma.
11:29 of 2nd period - Deflect By Brandon Dubinsky.
11:29 of 2nd period - Stopped by Keith Kinkaid with a rebound.
12:15 of 2nd period - Drew Doughty is hit by Tyler Seguin and loses puck.
13:03 of 2nd period - Snap shot by Brandon Dubinsky.
13:03 of 2nd period - Shot Misses the Net.
13:05 of 2nd period - Snap shot by Bobby Butler.
13:05 of 2nd period - Deflect By Brandon Dubinsky.
13:05 of 2nd period - Shot Misses the Net.
13:05 of 2nd period - Puck is out of play.
13:06 of 2nd period - Oskar Osala wins face-off versus Riley Sheahan in Devils zone.
13:16 of 2nd period - Off-side.
13:17 of 2nd period - Oskar Osala wins face-off versus Riley Sheahan in neutral zone.
13:48 of 2nd period - Wrist shot by Zach Boychuk.
13:48 of 2nd period - Shot Misses the Net.
13:50 of 2nd period - Wrist shot by Luke Adam.
13:50 of 2nd period - Shot Misses the Net.
13:52 of 2nd period - Snap shot by Luke Adam.
13:52 of 2nd period - Shot Misses the Net.
13:54 of 2nd period - Slapshot by Luke Adam.
13:54 of 2nd period - Goal by Luke Adam - Sharks : 3 - Devils : 2.
13:55 of 2nd period - Marian Hossa wins face-off versus Oskar Osala in neutral zone.
14:08 of 2nd period - Snap shot by Adam Larsson.
14:08 of 2nd period - Shot Misses the Net.
15:21 of 2nd period - Snap shot by Zach Boychuk.
15:21 of 2nd period - Stopped by Keith Kinkaid without a rebound.
15:22 of 2nd period - Tyler Bozak wins face-off versus Luke Adam in Devils zone.
15:35 of 2nd period - Slapshot by Anthony Stewart.
15:35 of 2nd period - Stopped by Ryan Miller with a rebound.
15:47 of 2nd period - Kellan Lain is hit by Drew Doughty and loses puck.
15:54 of 2nd period - Snap shot by Travis Hamonic.
15:54 of 2nd period - Stopped by Ryan Miller with a rebound.
16:04 of 2nd period - T.J. Hensick is hit by Tyler Seguin and loses puck.
16:40 of 2nd period - Slapshot by Zach Boychuk.
16:40 of 2nd period - Stopped by Keith Kinkaid without a rebound.
16:41 of 2nd period - Zach Boychuk wins face-off versus Tyler Seguin in Devils zone.
16:42 of 2nd period - Snap shot by Milan Michalek.
16:42 of 2nd period - Shot Misses the Net.
16:44 of 2nd period - Backhand shot by Zach Boychuk.
16:44 of 2nd period - Shot Misses the Net.
16:46 of 2nd period - Slapshot by Dennis Wideman.
16:46 of 2nd period - Shot Blocked by Travis Hamonic.
16:48 of 2nd period - Snap shot by Milan Michalek.
16:48 of 2nd period - Stopped by Keith Kinkaid without a rebound.
16:49 of 2nd period - Oskar Osala wins face-off versus Tyler Seguin in Devils zone.
16:50 of 2nd period - Backhand shot by Milan Michalek.
16:50 of 2nd period - Shot Misses the Net.
16:52 of 2nd period - Slapshot by Milan Michalek.
16:52 of 2nd period - Stopped by Keith Kinkaid with a rebound.
16:54 of 2nd period - Slapshot by Dennis Wideman.
16:54 of 2nd period - Shot Blocked by Brent Seabrook.
16:56 of 2nd period - Wrist shot by Oskar Osala.
16:56 of 2nd period - Shot Blocked by Brent Seabrook.
16:58 of 2nd period - Snap shot by Dennis Wideman.
16:58 of 2nd period - Stopped by Keith Kinkaid with a rebound.
17:10 of 2nd period - Wrist shot by Zach Boychuk.
17:10 of 2nd period - Shot Misses the Net.
17:12 of 2nd period - Wrist shot by Jiri Tlusty.
17:12 of 2nd period - Shot Misses the Net.
17:14 of 2nd period - Slapshot by Dennis Wideman.
17:14 of 2nd period - Deflect By Zach Boychuk.
17:14 of 2nd period - Stopped by Keith Kinkaid with a rebound.
17:16 of 2nd period - Wrist shot by Luke Adam.
17:16 of 2nd period - Stopped by Keith Kinkaid with a rebound.
17:18 of 2nd period - Slapshot by Luke Adam.
17:18 of 2nd period - Stopped by Keith Kinkaid with a rebound.
17:20 of 2nd period - Snap shot by Zach Boychuk.
17:20 of 2nd period - Stopped by Keith Kinkaid with a rebound.
17:33 of 2nd period - Off-side.
17:34 of 2nd period - Brandon Dubinsky wins face-off versus Riley Sheahan in neutral zone.
17:37 of 2nd period - Riley Sheahan is hit by Brandon Dubinsky and loses puck.
17:53 of 2nd period - Minor Penalty to Brandon Dubinsky for Tripping.
17:54 of 2nd period - Viktor Arvidsson wins face-off versus Zach Boychuk in Sharks zone.
17:54 of 2nd period - Snap shot by Johnny Gaudreau.
17:54 of 2nd period - Shot Misses the Net.
17:56 of 2nd period - Snap shot by Johnny Gaudreau.
17:56 of 2nd period - Stopped by Ryan Miller with a rebound.
19:53 of 2nd period - Penalty to Brandon Dubinsky is over, Brandon Dubinsky is back on ice.
Goals for this period are 3 for Sharks vs 2 for Devils.
Shots for this period are 19 for Sharks vs 10 for Devils.

3rd period


0:01 of 3rd period - Oskar Osala wins face-off versus Tyler Seguin in neutral zone.
0:22 of 3rd period - Minor Penalty to Drew Doughty for Hooking.
0:23 of 3rd period - Tyler Seguin wins face-off versus Zach Boychuk in Sharks zone.
1:14 of 3rd period - Adam Larsson is hit by Johnny Gaudreau.
2:22 of 3rd period - Penalty to Drew Doughty is over, Drew Doughty is back on ice.
2:30 of 3rd period - Tyler Cuma is hit by Rostislav Olesz and loses puck.
2:35 of 3rd period - Wrist shot by Tyler Bozak.
2:35 of 3rd period - Shot Misses the Net.
2:37 of 3rd period - Slapshot by Anthony Stewart.
2:37 of 3rd period - Shot Misses the Net.
3:51 of 3rd period - Marian Hossa is hit by Zach Boychuk and loses puck.
4:23 of 3rd period - Icing by Kevin Porter.
4:24 of 3rd period - Kevin Porter wins face-off versus Brandon Dubinsky in Devils zone.
4:33 of 3rd period - Wrist shot by Kevin Porter.
4:33 of 3rd period - Shot Misses the Net.
5:05 of 3rd period - Slapshot by Anthony Stewart.
5:05 of 3rd period - Deflect By Rostislav Olesz.
5:05 of 3rd period - Stopped by Ryan Miller with a rebound.
5:07 of 3rd period - Wrist shot by Rostislav Olesz.
5:07 of 3rd period - Goal by Rostislav Olesz - Sharks : 3 - Devils : 3.
5:08 of 3rd period - T.J. Hensick wins face-off versus Tyler Seguin in neutral zone.
5:19 of 3rd period - Snap shot by Oskar Osala.
5:19 of 3rd period - Stopped by Keith Kinkaid with a rebound.
5:45 of 3rd period - Minor Penalty to Andrej Sekera for Tripping.
5:46 of 3rd period - Zach Boychuk wins face-off versus Tyler Seguin in Sharks zone.
5:50 of 3rd period - Minor Penalty to Brady Skjei for Slashing.
5:51 of 3rd period - Tyler Seguin wins face-off versus Oskar Osala in Devils zone.
7:14 of 3rd period - Off-side.
7:15 of 3rd period - Brandon Dubinsky wins face-off versus Kevin Porter in neutral zone.
7:22 of 3rd period - Slapshot by Dennis Wideman.
7:22 of 3rd period - Stopped by Keith Kinkaid with a rebound.
7:28 of 3rd period - Wrist shot by Brent Seabrook.
7:28 of 3rd period - Deflect By Johnny Gaudreau.
7:28 of 3rd period - Shot Misses the Net.
7:28 of 3rd period - Puck is out of play.
7:29 of 3rd period - Tyler Seguin wins face-off versus Oskar Osala in Sharks zone.
7:32 of 3rd period - Snap shot by Tyler Seguin.
7:32 of 3rd period - Shot Misses the Net.
7:45 of 3rd period - Penalty to Andrej Sekera is over, Andrej Sekera is back on ice.
7:46 of 3rd period - Snap shot by Oskar Osala.
7:46 of 3rd period - Stopped by Keith Kinkaid without a rebound.
7:47 of 3rd period - Oskar Osala wins face-off versus Riley Sheahan in Devils zone.
7:48 of 3rd period - Snap shot by Stefan Ruzicka.
7:48 of 3rd period - Stopped by Keith Kinkaid with a rebound.
7:50 of 3rd period - Penalty to Brady Skjei is over, Brady Skjei is back on ice.
7:58 of 3rd period - Wrist shot by Brady Skjei.
7:58 of 3rd period - Stopped by Ryan Miller without a rebound.
7:59 of 3rd period - Tyler Seguin wins face-off versus Brandon Dubinsky in Sharks zone.
8:57 of 3rd period - Wrist shot by Kellan Lain.
8:57 of 3rd period - Deflect By Kevin Porter.
8:57 of 3rd period - Stopped by Ryan Miller with a rebound.
9:03 of 3rd period - Snap shot by Jordan Caron.
9:03 of 3rd period - Stopped by Ryan Miller without a rebound.
9:04 of 3rd period - Tyler Seguin wins face-off versus Brandon Dubinsky in Sharks zone.
10:33 of 3rd period - Wrist shot by Tobias Enstrom.
10:33 of 3rd period - Shot Blocked by Adam Larsson.
10:35 of 3rd period - Snap shot by Riley Sheahan.
10:35 of 3rd period - Shot Misses the Net.
10:37 of 3rd period - Wrist shot by Marian Hossa.
10:37 of 3rd period - Stopped by Ryan Miller without a rebound.
10:38 of 3rd period - Riley Sheahan wins face-off versus Oskar Osala in Sharks zone.
10:53 of 3rd period - Slapshot by Drew Doughty.
10:53 of 3rd period - Shot Misses the Net.
10:55 of 3rd period - Minor Penalty to Marian Hossa for Roughing.
10:56 of 3rd period - Riley Sheahan wins face-off versus Oskar Osala in Devils zone.
11:09 of 3rd period - Slapshot by Drew Doughty.
11:09 of 3rd period - Deflect By Milan Michalek.
11:09 of 3rd period - Stopped by Keith Kinkaid without a rebound.
11:10 of 3rd period - Riley Sheahan wins face-off versus Oskar Osala in Devils zone.
11:48 of 3rd period - Slapshot by Drew Doughty.
11:48 of 3rd period - Stopped by Keith Kinkaid without a rebound.
11:49 of 3rd period - Kevin Porter wins face-off versus T.J. Hensick in Devils zone.
12:38 of 3rd period - Ladislav Smid is hit by Milan Michalek and loses puck.
12:55 of 3rd period - Penalty to Marian Hossa is over, Marian Hossa is back on ice.
13:09 of 3rd period - Slapshot by Drew Doughty.
13:09 of 3rd period - Stopped by Keith Kinkaid without a rebound.
13:10 of 3rd period - Tyler Seguin wins face-off versus Brandon Dubinsky in Devils zone.
13:37 of 3rd period - Travis Hamonic is hit by Andrej Sekera.
13:59 of 3rd period - Wrist shot by Stefan Ruzicka.
13:59 of 3rd period - Stopped by Keith Kinkaid with a rebound.
14:01 of 3rd period - Snap shot by Stefan Ruzicka.
14:01 of 3rd period - Deflect By Milan Michalek.
14:01 of 3rd period - Stopped by Keith Kinkaid without a rebound.
14:02 of 3rd period - Zach Boychuk wins face-off versus Tyler Seguin in Devils zone.
14:02 of 3rd period - Drew Doughty is hit by Johnny Gaudreau.
14:14 of 3rd period - Wrist shot by Johnny Gaudreau.
14:14 of 3rd period - Stopped by Ryan Miller with a rebound.
14:24 of 3rd period - Minor Penalty to Stefan Ruzicka for High sticking.
14:25 of 3rd period - Tyler Seguin wins face-off versus Zach Boychuk in Sharks zone.
15:21 of 3rd period - Wrist shot by Viktor Arvidsson.
15:21 of 3rd period - Stopped by Ryan Miller with a rebound.
15:23 of 3rd period - Slapshot by Travis Hamonic.
15:23 of 3rd period - Shot Blocked by Dennis Wideman.
15:33 of 3rd period - Adam Larsson is hit by Brady Skjei and loses puck.
15:44 of 3rd period - Adam Larsson is hit by Tyler Seguin and loses puck.
15:49 of 3rd period - Wrist shot by Johnny Gaudreau.
15:49 of 3rd period - Goal by Johnny Gaudreau - Sharks : 3 - Devils : 4.
15:50 of 3rd period - Martins Karsums wins face-off versus Kellan Lain in neutral zone.
15:55 of 3rd period - Slapshot by Martins Karsums.
15:55 of 3rd period - Stopped by Keith Kinkaid with a rebound.
16:05 of 3rd period - Slapshot by Oskar Osala.
16:05 of 3rd period - Shot Blocked by Travis Hamonic.
16:38 of 3rd period - Slapshot by Drew Doughty.
16:38 of 3rd period - Stopped by Keith Kinkaid without a rebound.
16:39 of 3rd period - Brandon Dubinsky wins face-off versus Rostislav Olesz in Devils zone.
16:50 of 3rd period - Snap shot by Bobby Butler.
16:50 of 3rd period - Stopped by Keith Kinkaid with a rebound.
16:52 of 3rd period - Snap shot by David Rundblad.
16:52 of 3rd period - Shot Blocked by Riley Sheahan.
17:06 of 3rd period - Martins Karsums is hit by Kellan Lain and loses puck.
17:13 of 3rd period - Slapshot by Oskar Osala.
17:13 of 3rd period - Shot Blocked by Brady Skjei.
17:31 of 3rd period - Milan Michalek is hit by Tobias Enstrom and loses puck.
18:53 of 3rd period - Sharks, Ryan Miller is pulled from the net.
18:59 of 3rd period - Snap shot by Milan Michalek.
18:59 of 3rd period - Stopped by Keith Kinkaid without a rebound.
19:00 of 3rd period - Patrick Roy call a timeout for Sharks.
19:00 of 3rd period - T.J. Hensick wins face-off versus Riley Sheahan in Devils zone.
19:01 of 3rd period - Snap shot by Stefan Ruzicka.
19:01 of 3rd period - Stopped by Keith Kinkaid without a rebound.
19:02 of 3rd period - Riley Sheahan wins face-off versus T.J. Hensick in Devils zone.
19:06 of 3rd period - Off-side.
19:07 of 3rd period - Riley Sheahan wins face-off versus T.J. Hensick in neutral zone.
19:16 of 3rd period - Snap shot by Riley Sheahan.
19:16 of 3rd period - Deflect By Brenden Morrow.
19:16 of 3rd period - Goal by Brenden Morrow - Sharks : 3 - Devils : 5.
19:16 of 3rd period - Ryan Miller from Sharks was sent back in the game.
19:17 of 3rd period - T.J. Hensick wins face-off versus Kevin Porter in neutral zone.
19:17 of 3rd period - Tyler Cuma is hit by Kellan Lain and loses puck.
Goals for this period are 0 for Sharks vs 3 for Devils.
Shots for this period are 14 for Sharks vs 10 for Devils.